 Dungeon Crawl Stone Soup version 0.18-a0-1628-g61c6396 (webtiles) character file.

385 Geeful the Insei (level 6, -3/41 HPs)
             Began as an Octopode Transmuter on Mar 25, 2016.
             Slain by a gnoll
             ... wielding a +0 spear
              (5 damage)
             ... on level 4 of the Dungeon.
             The game lasted 00:08:07 (3231 turns).

Geeful the Insei (Octopode Transmuter)              Turns: 3231, Time: 00:08:08

Health: -3/41      AC:  2    Str: 10    XL:     6   Next: 77%
Magic:  8/10       EV: 20    Int: 15    God:
Gold:   167        SH:  0    Dex: 19    Spells: 3 memorised, 5 levels left

rFire  . . .     SeeInvis .       - Unarmed
rCold  . . .     Gourm    .     (shield currently unavailable)
rNeg   . . .     Faith    .     (helmet currently unavailable)
rPois  x         Spirit   .     (no amulet)
rElec  .         Dismiss  .     i - ring of flight
rCorr  .         Reflect  .     p - ring of stealth
SustAt .         Harm     .     (no ring)
MR     .....                    (no ring)
Stlth  +++.......               (no ring)
                                (no ring)
                                (no ring)
                                (no ring)

@: lethally poisoned (-3 -> -31), spider-form (expiring), not resistant to
hostile enchantments, fairly stealthy
A: almost no armour, (amphibious), 8 rings, (constrict 8), (camouflage 0),
(poison resistance), robust 1, (gelatinous body 0), evolution 1
a: End Transformation, Evoke Flight


You were on level 4 of the Dungeon.
You were not hungry.
You were a venomous arachnid creature.
You visited 1 branch of the dungeon, and saw 4 of its levels.

You collected 167 gold pieces.

Inventory:

Missiles
 a - 10 arrows
 n - 6 javelins (quivered)
Jewellery
 i - a ring of flight (left front leg)
 p - a ring of stealth (right front leg)
Scrolls
 d - a scroll of recharging {unknown}
 g - a scroll of magic mapping
 q - 4 scrolls of remove curse
Potions
 e - a potion of might
 h - a potion of invisibility {unknown}
 j - a potion of curing
 l - 2 potions of mutation
Books
 b - a book of Changes

   Spells                             Type                      Level
   a - Beastly Appendage              Transmutation                1
   b - Sticks to Snakes               Transmutation                2
   c - Spider Form                    Transmutation/Poison         3
   d - Ice Form                       Ice/Transmutation            4
   e - Blade Hands                    Transmutation                5
Comestibles
 c - 2 bread rations
 f - a beef jerky
 k - a chunk of flesh
 m - 7 fruits
 r - a meat ration
 s - a slice of pizza


   Skills:
 - Level 1.0 Fighting
 - Level 2.0 Dodging
 * Level 5.1 Unarmed Combat
 + Level 3.3 Spellcasting
 * Level 4.7 Transmutations


You had 5 spell levels left.
You knew the following spells:

 Your Spells              Type           Power        Failure   Level  Hunger
a - Beastly Appendage     Trmt           ###...       10%         1    #......
b - Sticks to Snakes      Trmt           ###.....     14%         2    ##.....
c - Spider Form           Trmt/Pois      #.........   45%         3    ###....


Dungeon Overview and Level Annotations

Branches:
Dungeon (4/15)
 Temple: D:4-7

Altars:


Innate Abilities, Weirdness & Mutations

You cannot wear most types of armour.
((You are amphibious.))
You can wear up to eight rings at the same time.
((You can use your tentacles to constrict eight enemies at once.))
((Your skin changes colour to match your surroundings (Stealth).))
((Your rubbery body absorbs attacks (AC +1).))
((Your system is resistant to poisons.))
You are robust (+10% HP).
You evolve.


Message History

You closely miss the gnoll.
The gnoll is moderately wounded.
* * * LOW HITPOINT WARNING * * *
You feel sick. The gnoll completely misses you. The gnoll hits you with a club.
* * * LOW HITPOINT WARNING * * *
You hit the gnoll but do no damage.
The gnoll is severely wounded.
* * * LOW HITPOINT WARNING * * *
You feel very sick. The gnoll closely misses you. The gnoll misses you.
You barely miss the gnoll.
The gnoll is severely wounded.
* * * LOW HITPOINT WARNING * * *
You feel sick. The gnoll misses you.
You bite the gnoll!
You kill the gnoll!
* * * LOW HITPOINT WARNING * * *
You feel sick. The gnoll misses you.
The gnoll hits you from afar with a spear.
You die...

#.......#...
#.####.##.##
#...##.##.#
###.##....#
#.#######
#########.#
#.........#
#.##########
#s#........g
#)gg.†.#
#.#....#
###.#### #.#
###


You could see 2 gnolls.

Vanquished Creatures
  The ghost of Geeful the Insei, an amateur OpTm of Dithmenos (D:3)
  A giant frog zombie (D:3)
  An iguana (D:4)
  An orc wizard (D:3)
  4 adders
  5 gnolls
  4 worms
  3 giant geckos
  2 orcs (D:3)
  6 bats
  2 giant cockroaches (D:3)
  8 hobgoblins
  13 jackals
  2 quokkas (D:3)
  2 giant newts
  9 goblins
  11 kobolds
  5 rats
80 creatures vanquished.

Vanquished Creatures (collateral kills)
  2 adders (D:2)
  A kobold (D:2)
3 creatures vanquished.

Grand Total: 83 creatures vanquished

Notes
Turn   | Place    | Note
--------------------------------------------------------------
     0 | D:1      | Geeful the Octopode Transmuter began the quest for the Orb.
     0 | D:1      | Reached XP level 1. HP: 13/13 MP: 3/3
    35 | D:1      | Reached XP level 2. HP: 4/18 MP: 3/5
   505 | D:1      | Learned a level 2 spell: Sticks to Snakes
   548 | D:1      | Reached XP level 3. HP: 20/23 MP: 6/6
  1218 | D:2      | Reached XP level 4. HP: 25/28 MP: 3/7
  1304 | D:2      | Learned a level 3 spell: Spider Form
  1313 | D:2      | Reached skill level 4 in Unarmed Combat
  1903 | D:3      | Reached XP level 5. HP: 31/33 MP: 4/9
  1910 | D:3      | Noticed Geeful's ghost (amateur OpTm)
  1927 | D:3      | Gained mutation: Your system is resistant to poisons. [potion of mutation]
  1927 | D:3      | Gained mutation: You are robust (+10% HP). [potion of mutation]
  1927 | D:3      | Gained mutation: You evolve. [potion of mutation]
  2202 | D:3      | Killed Geeful's ghost
  2202 | D:3      | Reached XP level 6. HP: 22/41 MP: 1/10
  3088 | D:4      | Reached skill level 5 in Unarmed Combat
  3231 | D:4      | HP: 2/41 [poisoned by a gnoll]
  3231 | D:4      | Slain by a gnoll

Vault maps used:
D:1:      dpeg_arrival_pits, corexii_leaking_fountain, minivault_14
D:4:      first_bread, uniq_robin

Skill      XL: |  1  2  3  4  5  6 |
---------------+-------------------+-----
Unarmed Combat | 4 5 |  5.1
Transmutations | 3 4 |  4.7
Spellcasting   | 3 |  3.3
Fighting       | |  1.0
Dodging        | |  2.0

Action                   |  1- 3 |  4- 6 || total
-------------------------+-------+-------++-------
Melee: Unarmed           |    76 |   128 ||   204
 Cast: Beastly Appendage |     8 |     6 ||    14
       Sticks to Snakes  |     2 |       ||     2
       Spider Form       |       |     9 ||     9
  Use: Scroll            |       |     4 ||     4
       Potion            |       |     2 ||     2
 Stab: Sleeping          |     3 |    12 ||    15
  Eat: Chunk             |       |     9 ||     9
